 Dungeon Crawl Stone Soup version 0.18.1-6-gd335043 (webtiles) character file.

265074 deorigin the Brawler (level 19, -8/182 HPs)
             Began as a Troll Monk on May 18, 2016.
             Was the Champion of Cheibriados.
             Mangled by a yaktaur (14 damage)
             ... while paralysed by an orc sorcerer
             ... on level 1 of the Vaults on May 19, 2016.
             The game lasted 02:46:23 (35416 turns).

deorigin the Brawler (Troll Monk)                  Turns: 35416, Time: 02:46:24

Health: -8/182     AC: 24    Str: 39    XL:     19   Next: 67%
Magic:  25/25      EV:  1    Int: 24    God:    Cheibriados [******]
Gold:   2733       SH:  0    Dex: 30    Spells: 2 memorised, 12 levels left

rFire  + + .     SeeInvis .       - Unarmed
rCold  x . .     Gourm    +     W - +4 fire dragon armour
rNeg   + . .     Faith    .     s - +0 shield
rPois  +         Spirit   .     (helmet restricted)
rElec  .         Dismiss  .     u - +0 cloak of the Shoals {rPois rN+}
rCorr  .         Reflect  +     (gloves unavailable)
SustAt .         Harm     .     (boots unavailable)
MR     +....                    K - +6 amulet of reflection
Stlth  ++........               n - +5 ring of protection
                                l - ring of stealth

@: paralysed, slowed, drained, very slow, somewhat resistant to hostile
enchantments, unstealthy
A: unfitting armour, claws 3, fast metabolism 3, gourmand, regeneration 2,
shaggy fur 1, tough skin 2
a: Bend Time, Temporal Distortion, Slouch, Step From Time, Renounce Religion
}: 1/15 runes: serpentine


You were on level 1 of the Vaults.
You worshipped Cheibriados.
Cheibriados was exalted by your worship.
You were completely stuffed.

You visited 7 branches of the dungeon, and saw 35 of its levels.
You also visited: Labyrinth.

You collected 3778 gold pieces.
You spent 1045 gold pieces at shops.

Inventory:

Hand Weapons
 F - a +0 blowgun
 V - a +4 scimitar of flaming
Missiles
 o - 101 poisoned needles
 x - 3 javelins (quivered)
 z - 11 curare-tipped needles
 S - 17 large rocks
Armour
 s - a +0 shield (worn)
 u - the +0 cloak of the Shoals (worn) {rPois rN+}
   (You bought it in a shop on level 2 of the Orcish Mines)

   It protects you from poison.
   It protects you from negative energy.
 W - a +4 fire dragon armour (worn)
Rods
 Y - a +1 rod of shadows (12/12)
   (You took it off an orc knight on level 1 of the Vaults)
Jewellery
 l - a ring of stealth (left claw)
 m - an uncursed ring of poison resistance
 n - a +5 ring of protection (right claw)
 w - an uncursed ring of protection from fire
 y - an uncursed amulet of magic regeneration
 C - an uncursed ring of see invisible
 K - a +6 amulet of reflection (around neck)
 N - a +4 ring of dexterity
 Q - an uncursed ring of flight
 X - an uncursed ring of stealth
 Z - an uncursed amulet of faith
Wands
 a - a wand of heal wounds (4/9)
 E - a wand of disintegration (12/24)
Scrolls
 c - a scroll of holy word
 e - 7 scrolls of remove curse
 g - 10 scrolls of teleportation
 k - 6 scrolls of magic mapping
 v - 5 scrolls of identify
 A - 4 scrolls of fog
 B - a scroll of recharging
 J - 2 scrolls of enchant weapon
 L - 6 scrolls of blinking
 R - a scroll of enchant armour
 T - 6 scrolls of summoning
Potions
 d - a potion of heal wounds
 i - 3 potions of agility
 j - 10 potions of curing
 p - 5 potions of brilliance
 q - 6 potions of invisibility
 r - 4 potions of might
 t - 4 potions of magic
 I - 3 potions of cancellation
 O - 5 potions of resistance
 P - a potion of cure mutation
Miscellaneous
 G - a phial of floods
 M - a box of beasts
Comestibles
 b - 24 bread rations
 f - 8 slices of pizza
 h - 14 meat rations
 D - 24 fruits
 H - 13 chunks of flesh
 U - 13 royal jellies


   Skills:
 - Level 10.1(9.9) Fighting
 - Level 6.8(6.6) Throwing
 - Level 7.6(7.4) Armour
 - Level 8.7(8.5) Dodging
 - Level 1.1(1.0) Stealth
 - Level 10.0(9.7) Shields
 - Level 17.8(17.5) Unarmed Combat
 - Level 1.4(1.2) Spellcasting
 + Level 10.0(9.8) Transmutations
 + Level 12.0(11.8) Earth Magic
 - Level 10.0(9.7) Invocations


You had 12 spell levels left.
You knew the following spells:

 Your Spells              Type           Power        Failure   Level  Hunger
a - Blink                 Tloc           N/A          38%         2    ###....
b - Statue Form           Trmt/Erth      ######...    45%         6    #######


Dungeon Overview and Level Annotations

Branches:
Dungeon (15/15)            Temple (1/1) D:4            Lair (8/8) D:11
  Swamp (4/4) Lair:3        Snake (4/4) Lair:6        Slime (0/6) Lair:8
    Orc (2/2) D:10            Elf (0/3) Orc:2        Vaults (1/5) D:13
 Depths (0/5) D:15

Altars:
Ashenzari
Cheibriados
Dithmenos
Elyvilon
Fedhas
Gozag
Kikubaaqudgha
Makhleb
Nemelex Xobeh
Okawaru
Pakellas
Qazlal
Ru
Sif Muna
Trog
Vehumet
Xom
Yredelemnul
Zin
The Shining One
Beogh

Shops:
Orc:2 [:(*

Annotations:
D:11 2 runed doors, exclusion: obsidian statue


Innate Abilities, Weirdness & Mutations

You are too large for most types of armour.
You have claws for hands.
Your metabolism is lightning-fast.
You like to eat raw meat.
You heal very quickly.
You are covered in fur (AC +1).
You have very tough skin (AC +2).


Message History

The orc sorcerer casts a spell at you. The bolt of negative energy hits you!
You partially resist.
You feel drained.
The centaur warrior hits you but does no damage.
You hear a shout!
The centaur warrior hits you with a shortbow.
* * * LOW HITPOINT WARNING * * *
The orc hits you but does no damage.
The centaur warrior hits you but does no damage.
The yaktaur hits you but does no damage.
The ogre hits you with a giant club!!
* * * LOW HITPOINT WARNING * * *
The centaur warrior hits you with a shortbow.
* * * LOW HITPOINT WARNING * * *
The centaur warrior hits you.
* * * LOW HITPOINT WARNING * * *
The orc hits you but does no damage.
The centaur warrior hits you with a shortbow!
* * * LOW HITPOINT WARNING * * *
The yaktaur hits you!
You die...

###### .... +....# ....
#....#########
##########....#.#......
#...(.(..#....#...≈≈≈..
.#....(...#....#...≈≈≈≈.
.'....((..'....#....≈≈≈≈
.'....Occ.'...)#...≈≈⌠≈≈
.#....c@.o#...['....≈≈≈≈
#....)o..#....#...≈≈≈≈.
##########....#...≈≈≈..
#....#.#......
+....######### ######


You could see 2 centaur warriors, a yaktaur, an orc sorcerer, an ogre and an
orc.

Vanquished Creatures
  Rupert (D:14)
  A sphinx (Vaults:1)
  Agnes (D:15)
  Kirke (Lair:6)
  6 greater nagas (Snake:4)
  Maud (D:10)
  A vault warden (Vaults:1)
  Roxanne (Snake:3)
  The ghost of MTVSty1e the Warrior, a journeyman MiFi of Trog (Lair:8)
  An orc warlord (Orc:2)
  Aizul (Snake:1)
  A ghoul (Vaults:1)
  An ironheart preserver (Vaults:1)
  Azrael (D:14)
  A minotaur (Lab)
  Josephine (D:14)
  2 yaktaur captains (Vaults:1)
  2 fire dragons (Vaults:1)
  2 vault guards (D:13)
  Snorg (Lair:6)
  An ettin (D:15)
  16 naga warriors
  A rakshasa (Vaults:1)
  3 centaur warriors
  4 ghost crabs
  21 hydras
  9 anacondas
  Erica (D:11)
  2 ogre magi (D:15)
  10 alligators
  A death knight (Vaults:1)
  2 deep troll earth magi (Vaults:1)
  4 death yaks (Lair:5)
  A deep troll shaman (Vaults:1)
  An orc high priest (Orc:2)
  7 shock serpents
  A tengu warrior (D:15)
  15 naga sharpshooters
  Nergalle (Orc:2)
  A salamander mystic (Snake:3)
  A deep elf knight (D:15)
  26 slime creatures
  2 swamp dragons
  6 unseen horrors
  5 naga ritualists
  10 hill giants
  2 wizards
  3 deep trolls
  2 shambling mangroves
  A deep elf archer (Vaults:1)
  3 ironbrand convokers (Vaults:1)
  Pikel (D:7)
  A necromancer (D:13)
  8 orc knights
  A wolf spider (Vaults:1)
  A deep elf mage (D:14)
  2 oklob plants
  3 griffons
  6 mana vipers
  3 hornets
  7 salamanders
  5 cyclopes
  A manticore (D:14)
  2 orc sorcerers
  13 ugly things
  7 centaur zombies
  35 black mambas
  3 guardian serpents
  15 elephants
  25 naga magi
  4 gargoyles
  3 vault sentinels (Vaults:1)
  17 spiny frogs
  3 rime drakes
  5 kobold demonologists
  2 freezing wraiths (Vaults:1)
  3 tengu conjurers
  11 komodo dragons
  7 yaktaurs
  A spriggan druid (Lair:8)
  7 polar bears
  A harpy zombie (D:15)
  3 giant leeches
  9 trolls
  A wind drake (shapeshifter) (D:15)
  2 two-headed ogres
  3 blink frogs (Lair:7)
  Grinder (D:3)
  4 bog bodies
  A centaur simulacrum (D:14)
  A redback (Lair:8)
  4 shadows
  7 wraiths
  15 spriggans
  4 wyverns
  3 basilisks
  22 humans (D:13)
  A vampire (D:11)
  5 fire elementals (D:14)
  61 yaks
  A hungry ghost (D:12)
  3 hogs (Lair:7)
  2 fire bats (Lair:8)
  14 hippogriffs
  Menkaure (D:5)
  The ghost of Statics the Sneak, an amateur OpMo (D:3)
  19 vampire mosquitoes
  17 swamp worms
  2 hell hounds (D:14)
  55 nagas
  20 insubstantial wisps
  Edmund (D:5)
  A warg (Orc:2)
  2 mottled dragons (D:14)
  13 porcupines
  2 soldier ants (D:13)
  3 slaves (D:7)
  10 water moccasins
  48 orc warriors
  8 swamp drakes
  3 ice beasts
  6 sky beasts
  3 black bears
  12 wasps
  4 eyes of draining
  A necrophage (D:12)
  2 phantoms
  19 ogres
  24 wolves
  22 crocodiles
  18 centaurs
  5 big kobolds
  Blork the orc (Orc:2)
  25 giant frogs
  A wyvern zombie (D:14)
  A human simulacrum (Vaults:1)
  3 scorpions
  2 wyvern skeletons
  A water moccasin skeleton (D:7)
  3 troll skeletons (Lab)
  9 wights
  2 howler monkeys
  10 crimson imps
  A wasp zombie (D:12)
  2 giant frog zombies
  10 hounds
  2 quasits (D:11)
  10 jellies
  30 orc priests
  30 orc wizards
  7 centaur skeletons
  A giant frog skeleton (D:4)
  Jessica (D:2)
  13 iguanas
  A hell rat (D:7)
  5 worker ants
  2 killer bee zombies
  12 sheep
  A hound zombie (D:6)
  A hound skeleton (D:9)
  Robin (D:3)
  A howler monkey zombie (D:5)
  2 worker ant zombies
  8 gnolls
  22 adders
  77 river rats
  A shadow imp (D:12)
  5 oozes (D:9)
  An adder zombie (D:5)
  4 worms
  3 dart slugs
  5 giant geckos
  108 orcs
  16 bats
  10 giant cockroaches
  17 goblins
  7 hobgoblins
  9 jackals
  5 quokkas
  5 ball pythons
  A giant gecko zombie (D:7)
  5 giant newts
  33 kobolds
  A quokka zombie (D:5)
  37 rats
1454 creatures vanquished.

Vanquished Creatures (others)
  Vashnia (Snake:3)
  Nessos (D:14)
  3 centaur warriors
  A spriggan druid (Swamp:4)
  A deep elf archer (Vaults:1)
  A cyclops (Orc:1)
  2 yaktaurs (D:15)
  A shadow (D:12)
  2 humans
  A slave (D:7)
  10 centaurs
  A worker ant (D:14)
  2 kobolds (D:13)
  A fire vortex (Lair:8)
  15 fungi
  6 plants
49 creatures vanquished.

Grand Total: 1503 creatures vanquished

Notes
Turn   | Place    | Note
--------------------------------------------------------------
     0 | D:1      | deorigin the Troll Monk began the quest for the Orb.
     0 | D:1      | Reached XP level 1. HP: 22/22 MP: 0/0
    96 | D:1      | Reached XP level 2. HP: 27/29 MP: 1/1
   473 | D:2      | Reached XP level 3. HP: 33/36 MP: 2/2
   641 | D:2      | Found a faded altar to an unknown god.
   712 | D:2      | Found an oddly glowing altar of Pakellas.
   712 | D:2      | Found a shattered altar of Ashenzari.
   820 | D:2      | Reached skill level 5 in Unarmed Combat
   856 | D:2      | Reached XP level 4. HP: 37/44 MP: 3/3
  1075 | D:2      | Noticed Jessica
  1078 | D:2      | Found a radiant altar of Vehumet.
  1093 | D:2      | Killed Jessica
  1205 | D:2      | Found a deep blue altar of Sif Muna.
  1206 | D:2      | Found a shimmering altar of Xom.
  1208 | D:2      | Found a blossoming altar of Fedhas.
  1278 | D:3      | Reached skill level 6 in Unarmed Combat
  1278 | D:3      | Reached XP level 5. HP: 50/50 MP: 4/4
  1293 | D:2      | HP: 2/50 [poisoned by kobold (curare-tipped needle)]
  1592 | D:3      | Found a burning altar of Makhleb.
  1661 | D:3      | Noticed Statics's ghost (amateur OpMo)
  1675 | D:3      | Killed Statics's ghost
  1675 | D:3      | Reached skill level 7 in Unarmed Combat
  1675 | D:3      | Reached XP level 6. HP: 34/59 MP: 5/5
  1776 | D:3      | Noticed Robin
  1801 | D:3      | Killed Robin
  2025 | D:3      | Noticed Grinder
  2033 | D:3      | Killed Grinder
  2033 | D:3      | Reached skill level 8 in Unarmed Combat
  2033 | D:3      | Reached XP level 7. HP: 58/66 MP: 6/6
  2301 | D:4      | Reached skill level 9 in Unarmed Combat
  2377 | D:4      | Found a glowing golden altar of the Shining One.
  2475 | D:4      | Found a staircase to the Ecumenical Temple.
  2536 | Temple   | Entered the Ecumenical Temple
  2601 | Temple   | Became a worshipper of Cheibriados the Contemplative
  2601 | Temple   | Reached * piety under Cheibriados
  2601 | Temple   | Reached ** piety under Cheibriados
  2952 | D:4      | Reached XP level 8. HP: 74/74 MP: 7/7
  3071 | D:5      | Entered Level 5 of the Dungeon
  3071 | D:5      | Noticed Edmund
  3088 | D:5      | Killed Edmund
  3088 | D:5      | Reached skill level 10 in Unarmed Combat
  3088 | D:5      | Reached skill level 1 in Invocations
  3516 | D:5      | Noticed Menkaure
  3519 | D:5      | Killed Menkaure
  3656 | D:5      | Reached skill level 11 in Unarmed Combat
  3658 | D:5      | Reached *** piety under Cheibriados
  3940 | D:6      | Reached XP level 9. HP: 75/80 MP: 10/10
  4164 | D:6      | Found a glowing silver altar of Zin.
  4326 | D:6      | Reached **** piety under Cheibriados
  4554 | D:6      | Reached skill level 1 in Shields
  4815 | D:7      | Found an iron altar of Okawaru.
  4880 | D:7      | Noticed Pikel
  4915 | D:7      | Killed Pikel
  4915 | D:7      | Reached skill level 12 in Unarmed Combat
  4983 | D:7      | Reached ***** piety under Cheibriados
  5132 | D:7      | Found a basalt altar of Yredelemnul.
  5640 | D:8      | Reached skill level 5 in Dodging
  5756 | D:8      | Reached XP level 10. HP: 88/88 MP: 12/12
  6406 | D:9      | Found a sacrificial altar of Ru.
  6559 | D:9      | Reached ****** piety under Cheibriados
  6567 | D:9      | Reached skill level 5 in Invocations
  7053 | D:9      | Got a crude falchion
  7240 | D:10     | Entered Level 10 of the Dungeon
  7830 | D:10     | Found a staircase to the Orcish Mines.
  8030 | D:10     | Killed an unseen horror
  8030 | D:10     | Reached XP level 11. HP: 28/96 MP: 14/14
  8213 | D:11     | Noticed Erica
  8214 | D:11     | Noticed Maud
  8229 | D:10     | Killed Maud
  8434 | D:11     | Killed Erica
  8434 | D:11     | Reached skill level 5 in Shields
  8434 | D:11     | Reached skill level 13 in Unarmed Combat
  8549 | D:11     | Killed an unseen horror
  8795 | D:11     | Noticed a hill giant
  8810 | D:11     | Killed a hill giant
  8962 | D:11     | Noticed an obsidian statue
  8963 | D:11     | Noticed a sun demon
  9158 | D:11     | Found a staircase to the Lair.
  9231 | D:11     | Found a runed door.
  9243 | D:11     | Found a runed door.
  9393 | D:11     | Noticed a hill giant
  9400 | D:11     | Killed a hill giant
  9719 | D:11     | Noticed a green ugly thing
  9730 | D:11     | Killed a green ugly thing
  9952 | D:12     | Noticed a hill giant
  9957 | D:12     | Killed a hill giant
 10106 | D:12     | Reached XP level 12. HP: 81/104 MP: 16/16
 11171 | D:12     | Reached skill level 1 in Armour
 11180 | D:12     | Reached skill level 1 in Throwing
 11224 | D:12     | Reached skill level 14 in Unarmed Combat
 11590 | D:13     | Noticed a centaur warrior
 11596 | D:13     | Killed a centaur warrior
 11677 | D:13     | Noticed a centaur warrior
 11683 | D:13     | Killed a centaur warrior
 11687 | D:13     | Reached XP level 13. HP: 69/110 MP: 18/18
 11767 | D:13     | Noticed a vault guard
 11771 | D:13     | Noticed a vault guard
 11793 | D:13     | Killed a vault guard
 11797 | D:13     | Killed a vault guard
 11897 | D:13     | Found a gate to the Vaults.
 12524 | Lair:1   | Entered Level 1 of the Lair of Beasts
 13663 | Lair:2   | Found a labyrinth entrance.
 13681 | Lab      | Entered a labyrinth
 14531 | Lab      | Noticed a minotaur
 14538 | Lab      | Killed a minotaur
 14594 | Lair:2   | Learned a level 2 spell: Blink
 14641 | Lair:2   | Reached skill level 5 in Armour
 15545 | Lair:3   | Reached XP level 14. HP: 96/118 MP: 19/19
 15587 | Lair:3   | Found a staircase to the Swamp.
 16237 | Lair:4   | You fall through a shaft for 3 floors!
 16256 | Lair:7   | Reached skill level 15 in Unarmed Combat
 16281 | Lair:6   | Found a staircase to the Snake Pit.
 16522 | Lair:6   | Noticed Snorg
 16529 | Lair:6   | Killed Snorg
 16529 | Lair:6   | Reached skill level 5 in Throwing
 18781 | Lair:7   | Reached skill level 10 in Shields
 19051 | Lair:7   | Noticed Kirke
 19122 | Lair:6   | Killed Kirke
 19294 | Lair:7   | Reached skill level 10 in Invocations
 19686 | Lair:7   | Reached XP level 15. HP: 127/127 MP: 21/21
 20144 | Lair:8   | Entered Level 8 of the Lair of Beasts
 20311 | Lair:8   | Found a staircase to the Slime Pits.
 20323 | Lair:8   | Noticed MTVSty1e's ghost (journeyman MiFi)
 20359 | Lair:8   | Killed MTVSty1e's ghost
 21069 | Lair:8   | Reached skill level 5 in Fighting
 21077 | Lair:8   | Reached skill level 16 in Unarmed Combat
 21769 | Orc:1    | Entered Level 1 of the Orcish Mines
 22484 | Orc:2    | Entered Level 2 of the Orcish Mines
 22715 | Orc:2    | Found a staircase to the Elven Halls.
 22776 | Orc:2    | Noticed an orc warlord
 22784 | Orc:2    | Noticed Blork the orc
 22791 | Orc:2    | Noticed Nergalle
 22796 | Orc:2    | Killed an orc warlord
 22797 | Orc:2    | Killed Blork the orc
 22798 | Orc:2    | Found a roughly hewn altar of Beogh.
 22801 | Orc:2    | Killed Nergalle
 22857 | Orc:2    | Found Egecad's Antique Armour Shoppe.
 22907 | Orc:2    | Found Ytwuph's Antique Weapon Shoppe.
 22932 | Orc:2    | Bought a faintly humming cloak for 275 gold pieces
 22942 | Orc:2    | Identified the cursed +0 cloak of the Shoals {rPois rN+} (You bought it in a shop on level 2 of the Orcish Mines)
 23189 | Orc:2    | Found Kaanaxaun's Book Shoppe.
 23195 | Orc:2    | Bought a book of Transfigurations for 770 gold pieces
 23202 | Orc:2    | Learned a level 6 spell: Statue Form
 23211 | Orc:2    | Found Xeixto Kaup's General Store.
 23634 | D:14     | Noticed Nessos
 23638 | D:14     | Killed Nessos
 23644 | D:14     | Noticed Josephine
 23872 | D:14     | Reached skill level 1 in Earth Magic
 23930 | D:14     | Noticed Rupert
 23941 | D:14     | Killed Rupert
 23955 | D:14     | Reached skill level 1 in Transmutations
 24092 | D:14     | Noticed Azrael
 24118 | D:14     | Killed Azrael
 24118 | D:14     | Reached XP level 16. HP: 106/150 MP: 22/22
 24243 | D:14     | Reached skill level 17 in Unarmed Combat
 24484 | D:14     | Killed Josephine
 24716 | D:15     | Entered Level 15 of the Dungeon
 24947 | D:15     | Noticed Agnes
 24968 | D:15     | Killed Agnes
 25539 | D:15     | Found a staircase to the Depths.
 26066 | Swamp:1  | Entered Level 1 of the Swamp
 28096 | Swamp:3  | Reached skill level 10 in Fighting
 28425 | Swamp:3  | Reached XP level 17. HP: 157/166 MP: 23/23
 28895 | Swamp:3  | Reached skill level 5 in Earth Magic
 28964 | Swamp:4  | Entered Level 4 of the Swamp
 29321 | Swamp:3  | Reached skill level 1 in Spellcasting
 29326 | Swamp:3  | HP: 7/166 [five-headed hydra (4)]
 29339 | Swamp:3  | HP: 7/166 [swamp worm[a spriggan druid] (8)]
 29734 | Snake:1  | Entered Level 1 of the Snake Pit
 30106 | Snake:1  | Reached skill level 5 in Transmutations
 30106 | Snake:1  | Reached XP level 18. HP: 147/174 MP: 24/24
 30427 | Snake:1  | Noticed Aizul
 30443 | Snake:1  | Killed Aizul
 31726 | Snake:3  | Noticed Roxanne
 32148 | Snake:3  | Noticed Vashnia
 32177 | Snake:3  | Killed Vashnia
 32624 | Snake:4  | Entered Level 4 of the Snake Pit
 32867 | Snake:4  | Reached skill level 10 in Earth Magic
 33011 | Snake:4  | Reached XP level 19. HP: 166/182 MP: 25/25
 33033 | Snake:4  | HP: 9/182 [greater naga/spear (3)]
 33039 | Snake:4  | HP: 7/182 [greater naga/poison arrow (22)]
 33044 | Snake:4  | HP: 8/182 [poisoned by a greater naga (poison arrow)]
 33748 | Snake:4  | Got a serpentine rune of Zot
 34181 | Snake:3  | Killed Roxanne
 34536 | Vaults:1 | Entered Level 1 of the Vaults
 35245 | Vaults:1 | Reached skill level 10 in Transmutations
 35413 | Vaults:1 | Paralysed by an orc sorcerer for 5 turns
 35416 | Vaults:1 | HP: 6/182 [centaur warrior/shortbow (8)]
 35416 | Vaults:1 | Mangled by a yaktaur

Skill      XL: |  1  2  3  4  5  6  7  8  9 10 11 12 13 14 15 16 17 18 19 |
---------------+----------------------------------------------------------+-----
Unarmed Combat | 5 6 7 8 9 11 12 13 14 15 16 17 | 17.8
Invocations    | 2 4 5 7 8 9 10 | 10.0
Dodging        | 3 5 6 8 |  8.7
Shields        | 2 4 6 7 9 10 | 10.0
Armour         | 3 5 7 |  7.6
Throwing       | 2 4 6 |  6.8
Fighting       | 3 7 10 | 10.1
Earth Magic    | 1 4 6 10 12 | 12.0
Transmutations | 1 3 5 8 10 | 10.0
Spellcasting   | 1 |  1.4
Stealth        | |  1.1

Action                   |  1- 3 |  4- 6 |  7- 9 | 10-12 | 13-15 | 16-18 | 19-21 || total
-------------------------+-------+-------+-------+-------+-------+-------+-------++-------
Melee: Unarmed           |   100 |   182 |   368 |   672 |  1510 |  1150 |   420 ||  4402
       Scimitar          |       |       |       |       |    21 |    25 |       ||    46
Throw: Large rock        |       |       |       |       |    37 |       |       ||    37
       Javelin           |       |       |       |       |       |     6 |       ||     6
Invok: Slouch            |       |       |       |     2 |     6 |     3 |       ||    11
       Step From Time    |       |       |       |       |     2 |     2 |     1 ||     5
Evoke: Wand              |       |       |       |       |       |     4 |    10 ||    14
  Use: Scroll            |       |       |     1 |    20 |    11 |    11 |     6 ||    49
       Potion            |       |       |       |     8 |     6 |     6 |     4 ||    24
 Stab: Sleeping          |     3 |     2 |     5 |    14 |     9 |     1 |       ||    34
       Distracted        |       |       |       |     4 |     1 |       |       ||     5
       Paralysed         |       |       |       |     1 |       |       |       ||     1
       Confused          |       |       |       |       |       |     2 |       ||     2
  Eat: Chunk             |    13 |    12 |    24 |    41 |    88 |    54 |    14 ||   246
       Beef jerky        |       |       |       |       |       |       |     5 ||     5
Armor: Robe              |    45 |    62 |    68 |    51 |       |       |       ||   226
       Skin              |       |     2 |       |       |       |       |       ||     2
       Fire dragon armou |       |       |       |    22 |   326 |   491 |   210 ||  1049
Dodge: Dodged            |    38 |    64 |    95 |   241 |   768 |   752 |   291 ||  2249
Block: Shield            |    11 |    73 |   175 |   589 |  1765 |  1511 |   639 ||  4763
       Reflection        |       |       |       |    53 |    32 |    95 |    69 ||   249
       Other             |       |       |       |       |     4 |       |       ||     4
